 Dungeon Crawl Stone Soup version 0.18-a0-1121-gb454403 (webtiles) character file.

50 Chiseanne the Skirmisher (level 3, 0/46 HPs)
             Began as a Centaur Air Elementalist on Jan 18, 2016.
             Slain by an adder (2 damage)
             ... on level 2 of the Dungeon.
             The game lasted 00:02:17 (1584 turns).

Chiseanne the Skirmisher (Centaur Air Elementalist) Turns: 1584, Time: 00:02:17

Health: 0/46       AC: 21    Str:  8    XL:     3   Next: 55%
Magic:  5/5        EV:  1    Int: 20    God:
Gold:   37         SH:  0    Dex:  9    Spells: 1 memorised, 4 levels left

rFire  . . .     SeeInvis .     d - +0 spear
rCold  . . .     Gourm    .     (armour currently unavailable)
rNeg   + + +     Faith    .     (no shield)
rPois  +         Spirit   .     (helmet currently unavailable)
rElec  .         Dismiss  .     (cloak currently unavailable)
rCorr  .         Reflect  .     (gloves currently unavailable)
SustAt .         Harm     .     (no barding)
MR     .....     NoTele   +     (no amulet)
Stlth  ++........               (no ring)
                                (no ring)

@: brilliant, lethally poisoned (0 -> -4), tree-form, not resistant to hostile
enchantments, unstealthy
A: (hooves 0), rugged brown scales 1, (cold resistance 0), (deformed body),
(speed 0), (tough skin 0), weak 1
a: no special abilities


You were on level 2 of the Dungeon.
You were not hungry.
You were a tree.
You visited 1 branch of the dungeon, and saw 2 of its levels.

You collected 37 gold pieces.

Inventory:

Hand Weapons
 d - a +0 spear (weapon)
Armour
 a - a +0 robe (melded)
Jewellery
 j - a cursed amulet of harm {unknown}
 k - an uncursed amulet of faith {unknown}
Wands
 i - a wand of random effects (12/48)
Scrolls
 e - a scroll of fear
 g - 2 scrolls of immolation
Books
 b - a book of Air

   Spells                             Type                      Level
   a - Shock                          Conjuration/Air              1
   b - Swiftness                      Charms/Air                   2
   c - Repel Missiles                 Charms/Air                   2
   d - Static Discharge               Conjuration/Air              3
   e - Lightning Bolt                 Conjuration/Air              5
Comestibles
 c - a bread ration
 m - 2 meat rations
 n - a chunk of flesh


   Skills:
 + Level 3.2 Fighting
 - Level 1.3 Dodging
 - Level 1.2 Stealth
 - Level 1.5 Spellcasting
 - Level 0.8 Conjurations
 - Level 2.6 Air Magic


You had 4 spell levels left.
You knew the following spells:

 Your Spells              Type           Power        Failure   Level  Hunger
a - Shock                 Conj/Air       ###.         1%          1    #......


Dungeon Overview and Level Annotations

Branches:
Dungeon (2/15)

Altars:
Nemelex Xobeh


Innate Abilities, Weirdness & Mutations

((You have hooves in place of feet.))
((Armour fits poorly on your strangely shaped body.))
((You cover ground very quickly.))
((You have extremely tough skin (AC +3).))
(You are partially covered in rugged brown scales (AC +1, +3% HP).)
((Your flesh is cold resistant.))
You are weak. (Str -2)


Message History

You barely miss the adder.
The adder is severely wounded.
You feel sick. The adder bites you but does no damage.
You miss the adder.
The adder is severely wounded.
The adder bites you but does no damage.
You miss the adder.
The adder is severely wounded.
The adder bites you but does no damage. x2
You closely miss the adder.
The adder is heavily wounded.
The adder bites you.
* * * LOW HITPOINT WARNING * * *
You are lethally poisoned!
The adder poisons you!
You hit the adder.
The adder is severely wounded.
* * * LOW HITPOINT WARNING * * *
You feel sick. The adder bites you but does no damage. The adder bites you.
You die...

#......######
######.## #.......#
#.####..# #.####..##
# #........#### ...
#..##.........
#..####..#.....###..
#........S♣⌠...#
#.#####..._....#
......⌠.⌠...#
#####.......#
#.###.### #.# #.#
#.###'## #.##...##
##.#.....##


You could see an adder.

Vanquished Creatures
  An adder (D:2)
  An ooze (D:1)
  A worm (D:2)
  A giant gecko (D:1)
  2 giant cockroaches
  4 goblins
  4 hobgoblins
  A ball python (D:1)
  5 bats
  3 giant newts
  5 kobolds
  8 rats
36 creatures vanquished.

Notes
Turn   | Place    | Note
--------------------------------------------------------------
     0 | D:1      | Chiseanne the Centaur Air Elementalist began the quest for the Orb.
     0 | D:1      | Reached XP level 1. HP: 14/14 MP: 3/3
   186 | D:1      | Reached skill level 1 in Fighting
   331 | D:1      | Reached XP level 2. HP: 20/23 MP: 4/4
   981 | D:2      | Reached XP level 3. HP: 27/30 MP: 5/5
  1032 | D:2      | Reached skill level 3 in Fighting
  1292 | D:2      | Found a sparkling altar of Nemelex Xobeh.
  1569 | D:2      | Gained mutation: You are weak. (Str -2) [potion of mutation]
  1569 | D:2      | Gained mutation: Your flesh is cold resistant. [potion of mutation]
  1569 | D:2      | Gained mutation: You are partially covered in rugged brown scales (AC +1, +3% HP). [potion of mutation]
  1584 | D:2      | HP: 2/46 [poisoned by an adder]
  1584 | D:2      | Slain by an adder

Vault maps used:
D:1:      lemuel_arrival_rhombus
D:2:      nemelex_xobeh_ov_fountains_minmay, minmay_misc_feat_tiny

Action                   || total
-------------------------++-------
Melee: Spear             ||   149
       Unarmed           ||    12
 Cast: Shock             ||     5
  Use: Scroll            ||     6
       Potion            ||     3
  Eat: Chunk             ||     2
